 Dungeon Crawl Stone Soup version 0.29-a0-1043-g569b05d6ff (webtiles) character file.

Game seed: 5671563522815113254

423 freelancePsychic the Shooter (level 7, -1/42 HPs)
             Began as a Kobold Arcane Marksman on Aug 15, 2022.
             Was a Believer of Cheibriados.
             Slain by a water moccasin (6 damage)
             ... on level 6 of the Dungeon.
             The game lasted 00:09:28 (6012 turns).

freelancePsychic the Shooter (KoAM)                 Turns: 6012, Time: 00:09:28

Health: -1/42      AC:  9    Str: 12    XL:     7   Next: 17%
Magic:  8/8        EV: 14    Int: 16    God:    Cheibriados [**....]
Gold:   349        SH:  0    Dex: 18    Spells: 8/8 levels left

rFire   + + +      SeeInvis .   a - +0 sling (flame)
rCold   . . .      Faith    .   (no shield)
rNeg    . . .      Spirit   .   b - +4 leather armour "Butremej" {rPois rF+++ Int-4 Dex-4}
rPois   +          Reflect  .   s - +0 helmet
rElec   .          Harm     .   (no cloak)
rCorr   .          Rampage  .   u - +0 pair of gloves
Will    .....                   (no boots)
Stlth   ++++......              (no amulet)
HPRegen 0.14/turn               (no ring)
MPRegen 0.11/turn               (no ring)

@: mighty, about to teleport, attractive, very slow
A: small, no large weapons, nightstalker 3
a: Renounce Religion, Bend Time


You were on level 6 of the Dungeon.
You worshipped Cheibriados.
Cheibriados was pleased with you.
You visited 1 branch of the dungeon, and saw 6 of its levels.

You collected 349 gold pieces.

Inventory:

Hand Weapons
 a - a +0 sling of flaming (weapon)
Armour
 b - the +4 leather armour "Butremej" (worn) {rPois rF+++ Int-4 Dex-4}
   (You took it off a gnoll on level 3 of the Dungeon)

   Int:       It affects your intelligence (-4).
   Dex:       It affects your dexterity (-4).
   rF:        It renders you almost immune to fire.
   rPois:     It protects you from poison.
 n - a +0 leather armour
 s - a +0 helmet (worn)
 u - a +0 pair of gloves (worn)
Scrolls
 c - a scroll of enchant weapon
 d - a scroll of torment
 f - a scroll of magic mapping
 k - a scroll of enchant armour
 l - a scroll of amnesia
 p - a scroll of silence {unknown}
 r - a scroll of immolation {unknown}
 t - a scroll of identify {@r1}
Potions
 e - a potion of heal wounds {unknown}
 g - a potion of ambrosia {unknown}
 i - a potion of might
 j - a potion of haste {@q3}
 o - 2 potions of attraction
 q - a potion of degeneration {unknown}


   Skills:
 + Level 3.8 Fighting
 * Level 6.9 Ranged Weapons
 - Level 2.4 Dodging
 + Level 4.6 Stealth
 - Level 1.1 Spellcasting
 - Level 3.0 Hexes


You had 8 spell levels left.
You didn't know any spells.
Your spell library contained the following spells:

 Spells                   Type           Power      Damage    Failure   Level
 Slow                     Hex            40%        N/A       9%          1
 Confusing Touch          Hex            10%        N/A       26%         3
 Apportation              Tloc           0%         N/A       28%         1
 Beastly Appendage        Tmut           0%         N/A       28%         1
 Necrotise                Necr           0%         1d4       28%         1
 Summon Small Mammal      Summ           0%         N/A       28%         1
 Wereblood                Tmut           0%         N/A       41%         2
 Dazzling Flash           Conj/Hex       10%        N/A       43%         3
 Inner Flame              Hex/Fire       5%         N/A       43%         3
 Portal Projectile        Hex/Tloc       10%        N/A       43%         3
 Cause Fear               Hex            5%         N/A       63%         4
 Spider Form              Tmut/Pois      0%         N/A       65%         3
 Vampiric Draining        Necr           0%         2d6       65%         3
 Silence                  Hex/Air        2%         N/A       99%         5
 Agony                    Necr           0%         N/A       100%        5


Dungeon Overview and Level Annotations

Branches:
Dungeon (6/15)
 Temple: D:4-7

Altars:
Cheibriados
Gozag
Okawaru
Qazlal
Ru
Wu Jian


Innate Abilities, Weirdness & Mutations

You are small and have problems with some larger weapons.
You are completely attuned to the shadows.


Message History

You feel sick.
The bullfrog hits you but does no damage.
The water moccasin barely misses you.
The bullfrog hits you but does no damage.
It was a potion of might.
You feel very mighty all of a sudden.
You feel sick. The water moccasin barely misses you.
The bullfrog hits you but does no damage.
It was a potion of curing.
You feel better. The water moccasin bites you!
* * * LOW HITPOINT WARNING * * *
The bullfrog completely misses you. The water moccasin misses you.
The bullfrog closely misses you.
Fire: a) +0 sling (flame)
Press: ? - help, Shift-Dir - straight line, f/p - water moccasin
Aim: a water moccasin (moderately wounded, 46% to hit)
You shoot a sling bullet.
The sling bullet barely misses the water moccasin.
The bullfrog hits you.
* * * LOW HITPOINT WARNING * * *
The water moccasin closely misses you.
You feel better. The bullfrog closely misses you.
The water moccasin closely misses you. The bullfrog barely misses you.
The water moccasin barely misses you.
As you read the scroll of teleportation {@r4}, it crumbles to dust.
You feel strangely unstable. The bullfrog barely misses you.
The water moccasin bites you.
The bullfrog hits you but does no damage.
The water moccasin bites you!
* * * LOW HITPOINT WARNING * * *
The bullfrog hits you.
* * * LOW HITPOINT WARNING * * *
The water moccasin attacks as you move away!
The water moccasin bites you.
* * * LOW HITPOINT WARNING * * *
The bullfrog attacks as you move away! The bullfrog closely misses you.
The water moccasin bites you but does no damage.
The bullfrog hits you but does no damage.
The water moccasin attacks as you move away!
The water moccasin bites you.
You die...

####..#######
#......... ##.#######
.....# #.#######
###..#.# #.#......
.....#.# #.#.#####
#......###.#.# #
#.#.#.....†#.# #
#.##@....###..#.#####
#...SF........#......
####.....###.###.###.
#.#.#.# #.# #.##..
#.#.#.# #.# #.###.
#.#.#.###.###..>..
..#.#......^....##
#.#####.###...##
#.#####.# #...##


You could see a water moccasin and a bullfrog.

Vanquished Creatures
  A necrophage (D:5)
  A scorpion (D:5)
  A hound (D:4)
  An orc wizard (D:5)
  Robin (D:4)
  5 gnolls
  6 adders
  An ufetubus (D:4)
  3 worms
  A dart slug (D:2)
  16 orcs
  6 ball pythons
  9 bats
  3 endoplasms
  4 giant cockroaches
  14 goblins
  12 hobgoblins
  6 jackals
  A quokka (D:2)
  3 frilled lizards (D:2)
  3 kobolds
  2 rats
100 creatures vanquished.

Notes
Turn   | Place    | Note
-------+----------+-------------------------------------------
     0 | D:1      | freelancePsychic the Kobold Arcane Marksman began the quest
                  | for the Orb.
     0 | D:1      | Reached XP level 1. HP: 12/12 MP: 2/2
    48 | D:1      | Reached skill level 3 in Ranged Weapons
   101 | D:1      | Reached skill level 1 in Stealth
   101 | D:1      | Reached XP level 2. HP: 16/16 MP: 3/3
   687 | D:1      | Reached XP level 3. HP: 21/21 MP: 4/4
  1332 | D:2      | Reached skill level 4 in Ranged Weapons
  1861 | D:2      | Reached XP level 4. HP: 26/26 MP: 5/5
  2491 | D:3      | Found a faded altar of an unknown god.
  2661 | D:3      | Found a snail-covered altar of Cheibriados.
  2711 | D:3      | Became a worshipper of Cheibriados the Contemplative
  2943 | D:3      | Noticed an ice beast
  3249 | D:3      | Identified the +4 leather armour "Butremej" {rPois rF+++
                  | Int-4 Dex-4}
  3266 | D:3      | Reached XP level 5. HP: 31/31 MP: 6/6
  3268 | D:3      | Reached skill level 5 in Ranged Weapons
  3917 | D:4      | Noticed Robin
  4167 | D:4      | Found an opulent altar of Gozag.
  4183 | D:4      | Found a stormy altar of Qazlal.
  4374 | D:4      | Reached * piety under Cheibriados
  4422 | D:4      | Found a sacrificial altar of Ru.
  4518 | D:4      | Killed Robin
  4541 | D:4      | Reached XP level 6. HP: 29/37 MP: 7/7
  4811 | D:3      | Reached skill level 6 in Ranged Weapons
  4950 | D:5      | Entered Level 5 of the Dungeon
  5007 | D:5      | Reached ** piety under Cheibriados
  5128 | D:5      | Reached XP level 7. HP: 36/42 MP: 8/8
  5434 | D:5      | Found an iron altar of Okawaru.
  5695 | D:6      | Noticed a hornet
  5931 | D:6      | Found an ornate altar of the Wu Jian Council.
  5996 | D:6      | Noticed a water moccasin
  6012 | D:6      | Slain by a water moccasin

Illustrated notes

Levels and vault maps discovered:
D:1:      eino_arrival_tree_alley, layout_loops_ring, feat_on_display
D:2:      layout_basic
D:3:      layout_basic, cheibrodos_worm_habitat, nicolae_ecumenical_pavilion,
          feat_on_display
D:4:      layout_basic, nicolae_qazlal_eye_of_the_storm,
          nicolae_ru_awakened_eye, grunt_gozag_statues, uniq_robin
D:5:      nicolae_cairo_tiling_large_dashed, layout_gridville, okawaru_trees_1,
          minmay_stone_trees_medium
D:6:      layout_loops_ring, nzn_wu_jian_contemplation,
          minmay_temple_entry_slanted

Skill      XL: |  1  2  3  4  5  6 |
---------------+-------------------+-----
Ranged Weapons | 3 4 5 6 |  6.9
Stealth        | 1 2 3 4 |  4.6
Fighting       | 2 3 |  3.8
Dodging        | |  2.4
Spellcasting   | |  1.1
Hexes          | |  3.0

Action                   |  1- 3 |  4- 6 |  7- 9 || total
-------------------------+-------+-------+-------++-------
 Fire: Sling             |    97 |   237 |    49 ||   383
  Use: Scroll            |     5 |     3 |     3 ||    11
       Potion            |       |     1 |     4 ||     5
Armor: Robe              |     1 |       |       ||     1
       Leather armour    |     3 |    47 |    21 ||    71
Dodge: Dodged            |    31 |   106 |    35 ||   172

Table legend: (Time is in decaauts)
 A = Elapsed time spent in this place.
 B = Non-inter-level travel time spent in this place.
 C = Inter-level travel time spent in this place.
 D = Time resting spent in this place.
 E = Time spent auto-exploring this place.
 F = Levels seen in this place.
 G = Mean time per level.
                   A        B        C        D        E       F      G
               +--------+--------+--------+--------+--------+-----+--------+
         Total |   6807 |   6542 |    265 |    752 |   4766 |   6 | 1134.5 |
       Dungeon |   6807 |   6542 |    265 |    752 |   4766 |   6 | 1134.5 |
               +--------+--------+--------+--------+--------+-----+--------+

Top non-repeatable levels by time:
     D:3: 1890 daAuts
     D:2: 1468 daAuts
     D:4: 1166 daAuts
     D:5: 901 daAuts
     D:1: 880 daAuts
     D:6: 499 daAuts
